 Dungeon Sprint DCSS version 0.28.0-43-g3370ac3207 (webtiles) character file.

Game seed: 6077175877877658296

2842 smarlow the Devastator (level 9, -10/110 HPs)
             Began as an Ogre Conjurer on Mar 11, 2022.
             Was a Believer of Vehumet.
             Mangled by a redback (12 damage)
             ... in the Dungeon (Sprint I: "Red Sonja").
             The game lasted 00:06:54 (2038 turns).

smarlow the Devastator (Ogre Conjurer)              Turns: 2038, Time: 00:06:54

Health: -10/110    AC:  4    Str: 13    XL:     9   Next: 74%
Magic:  0/23       EV:  9    Int: 23    God:    Vehumet [**....]
Gold:   696        SH:  0    Dex:  7    Spells: 17/29 levels left

rFire   + . .      SeeInvis .   g - +1 short sword (distort)
rCold   . . .      Faith    .   (no shield)
rNeg    . . .      Spirit   .   f - +1 robe {rF+}
rPois   .          Reflect  .   (helmet restricted)
rElec   .          Harm     .   (no cloak)
rCorr   .          Rampage  .   (gloves unavailable)
Will    .....      NoTele   +   (boots unavailable)
Stlth   +.........              (no amulet)
HPRegen 0.28/turn               (no ring)
MPRegen 0.18/turn               (no ring)

@: lethally poisoned (-10 -> -41), very slightly contaminated
A: large, unfitting armour, tough skin 1
a: Renounce Religion


You were in the Dungeon.
You worshipped Vehumet.
Vehumet was pleased with you.
You visited 1 branch You collected 816 gold pieces.
You spent 120 gold pieces at shops.

Inventory:

Hand Weapons
 g - a +1 short sword of distortion (weapon)
Armour
 a - a +0 robe
 f - a +1 robe of fire resistance (worn)
Wands
 b - a wand of flame (31)
 k - a wand of iceblast (8)
Scrolls
 h - a scroll of identify {unknown}
 i - a scroll of magic mapping {unknown}
Potions
 c - a potion of heal wounds
 d - a potion of haste
 e - 2 potions of magic
 j - a potion of curing
 l - 3 potions of degeneration


   Skills:
 * Level 13.0 Fighting
 - Level 2.3 Dodging
 - Level 1.8 Stealth
 - Level 0.4 Unarmed Combat
 * Level 10.9 Spellcasting
 + Level 15.6 Conjurations
 + Level 0.1 Hexes
 + Level 1.8 Translocations


You had 17 spell levels left.
You knew the following spells:

 Your Spells              Type           Power      Damage    Failure   Level
a - Magic Dart            Conj           100%       1d8       0%          1
b - Searing Ray           Conj           100%       2d8       0%          2
c - Iskenderun's Mystic   Conj/Tloc      52%        2d11      1%          4
d - Fulminant Prism       Conj/Hex       24%        3d13      1%          4
e - Shock                 Conj/Air       100%       1d9       1%          1

Your spell library contained the following spells:

 Spells                   Type           Power      Damage    Failure   Level
 Dazzling Flash           Conj/Hex       96%        N/A       1%          3


Dungeon Overview and Level Annotations

Branches:
Dungeon (1/1)

Altars:
Cheibriados
Dithmenos
Elyvilon
Fedhas
Gozag
Hepliaklqana
Kikubaaqudgha
Makhleb
Nemelex Xobeh
Okawaru
Qazlal
Ru
Sif Muna
Trog
Uskayaw
Vehumet
Wu Jian
Xom
Yredelemnul
Zin
The Shining One
Jiyva
Lugonu

Shops:
D !*[


Innate Abilities, Weirdness & Mutations

You are too large for most types of armour.
You have tough skin. (AC +1)


Message History

You don't have enough magic to cast this spell.
You feel extremely sick. The redback barely misses you.
* * * LOW HITPOINT WARNING * * *
You feel extremely sick.
There is an open door here.
* * * LOW HITPOINT WARNING * * *
You feel very sick.
* * * LOW HITPOINT WARNING * * *
You feel very sick. The redback bites you.
* * * LOW HITPOINT WARNING * * *
Casting: Fulminant Prism (mildly dangerous; 1% risk of failure)
Confirm with . or Enter, or press ? or * to list all spells.
You don't have enough magic to cast this spell.
You feel much better.
You feel very sick. The redback bites you.
The redback bites you but does no damage.
The redback bites you!
* * * LOW HITPOINT WARNING * * *
Casting: Fulminant Prism (mildly dangerous; 1% risk of failure)
Confirm with . or Enter, or press ? or * to list all spells.
You don't know that spell.
You feel better. The redback bites you!
* * * LOW HITPOINT WARNING * * *
The redback bites you!
* * * LOW HITPOINT WARNING * * *
You are lethally poisoned!
The redback poisons you!
Okay, then.
Casting: Fulminant Prism (mildly dangerous; 1% risk of failure)
Confirm with . or Enter, or press ? or * to list all spells.
You miscast Iskenderun's Mystic Blast.
You are very lightly contaminated with residual magic.
Nothing appears to happen.
* * * LOW HITPOINT WARNING * * *
You feel extremely sick. The redback bites you!
You die...

##########################
#<[#..)..#..'..#__#..'...#
#..+..#..').#..'..'.)#)..#
#.)#####'#####)#__####...+
#..####..#...#[####$$#####
#..#__####(.##)#§≈≈§§#§.
#.§#_____##'#_.+≈≈≈§.'§y
#⌠⌠#_.∩...'.@._#≈s≈.§#..
####_..__##ss#'##'####
#_____###'#[#§(([###
############.####'###.##
#∩........'...'.....'[∩#
###++++####...##########
###.### #.#'#.# #.....#


You could see 2 redbacks.

Vanquished Creatures
  A centaur warrior (D)
  Sonja (D)
  A deep troll (D)
  2 kobold demonologists (D)
  A hornet (D)
  Sigmund (D)
  A yak (D)
  A floating eye (D)
  An ogre (D)
  A jelly (D)
  Ijyb (D)
  A fulminant prism (D)
13 creatures vanquished.

Vanquished Creatures (others)
  2 ballistomycete spores (D)
  9 fulminant prisms (D)
11 creatures vanquished.

Grand Total: 24 creatures vanquished

Notes
Turn   | Place    | Note
-------+----------+-------------------------------------------
     0 | D        | smarlow the Ogre Conjurer began the quest for the Orb.
     0 | D        | Reached XP level 1. HP: 16/16 MP: 3/3
     1 | D        | Noticed Ijyb
    14 | D        | Killed Ijyb
    15 | D        | Reached skill level 5 in Conjurations
    15 | D        | Reached XP level 2. HP: 17/24 MP: 4/6
    15 | D        | Reached XP level 3. HP: 22/31 MP: 4/7
    21 | D        | Learned a level 2 spell: Searing Ray
   264 | D        | Noticed an ogre
   268 | D        | Killed an ogre
   269 | D        | Reached skill level 8 in Conjurations
   269 | D        | Reached XP level 4. HP: 16/48 MP: 2/9
   484 | D        | Learned a level 4 spell: Iskenderun's Mystic Blast
   484 | D        | Noticed Sigmund
   496 | D        | Killed Sigmund
   497 | D        | Reached skill level 10 in Conjurations
   497 | D        | Reached XP level 5. HP: 12/61 MP: 4/12
   497 | D        | Reached XP level 6. HP: 13/68 MP: 4/13
   786 | D        | Found an ornate altar of the Wu Jian Council.
   786 | D        | Found a shimmering blue altar of Sif Muna.
   788 | D        | Found a radiant altar of Vehumet.
   817 | D        | Found Vuxtytagh's Assorted Antiques.
   817 | D        | Found an ancient bone altar of Kikubaaqudgha.
   817 | D        | Found a hazy altar of Hepliaklqana.
   817 | D        | Found a stormy altar of Qazlal.
   817 | D        | Found a hide-covered altar of Uskayaw.
   817 | D        | Found a blossoming altar of Fedhas.
   817 | D        | Found a bloodstained altar of Trog.
   817 | D        | Found an iron altar of Okawaru.
   817 | D        | Found a basalt altar of Yredelemnul.
   817 | D        | Found a glowing golden altar of the Shining One.
   817 | D        | Found a snail-covered altar of Cheibriados.
   817 | D        | Found a sacrificial altar of Ru.
   817 | D        | Found a glowing silver altar of Zin.
   817 | D        | Found a shadowy altar of Dithmenos.
   817 | D        | Found a white marble altar of Elyvilon.
   817 | D        | Noticed a yak
   904 | D        | Found an opulent altar of Gozag.
   905 | D        | Found a sparkling altar of Nemelex Xobeh.
   909 | D        | Killed a yak
   910 | D        | Reached skill level 5 in Spellcasting
   910 | D        | Reached skill level 11 in Conjurations
   995 | D        | Became a worshipper of Vehumet
  1001 | D        | Bought a scroll labelled JIBRAL HEYTHRUT for 24 gold pieces
  1001 | D        | Bought a scroll labelled NESHUG LIWIALL for 24 gold pieces
  1013 | D        | Found a burning altar of Makhleb.
  1013 | D        | Found a viscous altar of Jiyva.
  1013 | D        | Found a shimmering altar of Xom.
  1013 | D        | Found a corrupted altar of Lugonu.
  1013 | D        | Noticed a slime creature
  1141 | D        | Noticed Sonja
  1144 | D        | Killed Sonja
  1145 | D        | Reached skill level 10 in Fighting
  1145 | D        | Reached skill level 13 in Conjurations
  1145 | D        | Reached XP level 7. HP: 84/85 MP: 9/17
  1145 | D        | Reached XP level 8. HP: 92/93 MP: 9/18
  1281 | D        | Noticed a deep troll
  1289 | D        | Killed a deep troll
  1290 | D        | Reached skill level 14 in Conjurations
  1300 | D        | Found Nalungue's Armour Emporium.
  1430 | D        | Found Neeku's Distillery.
  1438 | D        | Bought a potion of degeneration for 12 gold pieces
  1438 | D        | Bought a potion of heal wounds for 60 gold pieces
  1471 | D        | Noticed a kobold demonologist
  1471 | D        | Noticed a kobold demonologist
  1473 | D        | Noticed a soul eater
  1475 | D        | Noticed a ynoxinul
  1475 | D        | Reached * piety under Vehumet
  1475 | D        | Offered knowledge of Sandblast by Vehumet.
  1476 | D        | Reached skill level 1 in Translocations
  1478 | D        | Killed a kobold demonologist
  1479 | D        | Reached XP level 9. HP: 99/106 MP: 10/21
  1481 | D        | Killed a kobold demonologist
  1589 | D        | Learned a level 4 spell: Fulminant Prism
  1598 | D        | Noticed a centaur warrior
  1599 | D        | Noticed a centaur warrior
  1613 | D        | HP: 2/106 [centaur warrior/arrow (18)]
  1614 | D        | Killed a centaur warrior
  1614 | D        | Reached ** piety under Vehumet
  1615 | D        | Reached skill level 10 in Spellcasting
  1615 | D        | Reached skill level 15 in Conjurations
  2003 | D        | Noticed a hornet
  2011 | D        | Killed a hornet
  2011 | D        | Offered knowledge of Shock by Vehumet.
  2015 | D        | Learned a level 1 spell: Shock
  2038 | D        | HP: 2/110 [poisoned by a redback]
  2038 | D        | Mangled by a redback

Illustrated notes

Levels and vault maps discovered:
D:        dungeon_sprint_1 [red_sonja_temple_1, red_sonja_temple_small_1]

Skill      XL: |  1  2  3  4  5  6  7  8  9 |
---------------+----------------------------+-----
Dodging        | 2 |  2.3
Spellcasting   | 3 4 7 8 10 | 10.9
Conjurations   | 5 8 10 13 14 15 | 15.6
Fighting       | 4 6 10 11 13 | 13.0
Translocations | 1 |  1.8
Stealth        | |  1.8
Unarmed Combat | |  0.4
Hexes          | |  0.1

Action                   |  1- 3 |  4- 6 |  7- 9 || total
-------------------------+-------+-------+-------++-------
Melee: Unarmed           |    11 |     2 |       ||    13
 Cast: Searing Ray       |     1 |    10 |     6 ||    17
       Iskenderun's Myst |       |     4 |     4 ||     8
       Magic Dart        |       |     1 |       ||     1
       Fulminant Prism   |       |       |    10 ||    10
  Use: Potion            |     2 |       |     2 ||     4
       Scroll            |       |     1 |       ||     1
Armor: Robe              |       |     2 |     1 ||     3
Dodge: Dodged            |     4 |     5 |     6 ||    15
